 Dungeon Crawl Stone Soup version 0.31-a0-1009-g454b1f1e0a (webtiles) character file.

Game seed: 4555811710609558928

1063 ChronoRanger the Digger (level 8, -7/41 HPs)
             Began as a Gargoyle Earth Elementalist on Nov 16, 2023.
             Killed from afar by Maggie (27 damage)
             ... with a bolt of fire
             ... on level 6 of the Dungeon.
             The game lasted 00:13:07 (5960 turns).

ChronoRanger the Digger (GrEE)                      Turns: 5960, Time: 00:13:07

Health: -7/41      AC: 16    Str: 12    XL:     8   Next: 27%
Magic:  11/26      EV: 11    Int: 18    God:
Gold:   391        SH:  0    Dex: 10    Spells: 16/20 levels left

rFire   . . .        x - +1 whip (elec)
rCold   . . .        (no shield)
rNeg    + + .        t - +0 steam dragon scales
rPois   ∞            j - +0 helmet
rElec   +            m - +0 cloak
rCorr   .            u - +2 pair of gloves
SInv    .            q - +0 pair of boots
Will    .....        h - amulet of the acrobat
Stlth   ++           n - ring of magical power
HPRegen 0.26/turn    D - ring of positive energy
MPRegen 0.20/turn

%: acrobat
@: mesmerised
A: sickness immunity, AC +5, negative energy resistance 1, electricity
resistance, torment resistance 1, petrification resistance
a: no special abilities


You were on level 6 of the Dungeon.
You visited 2 branches of the dungeon, and saw 7 of its levels.

You collected 391 gold pieces.

Inventory:

Hand Weapons
 f - a +0 dagger
 x - a +1 whip of electrocution (weapon)
Armour
 j - a +0 helmet (worn)
 m - a +0 cloak (worn)
 q - a +0 pair of boots (worn)
 t - +0 steam dragon scales (worn)
 u - a +2 pair of gloves (worn)
Jewellery
 h - an amulet of the acrobat (around neck)
 n - a ring of magical power (left hand)
 D - a ring of positive energy (right hand)
Wands
 z - a wand of mindburst (14)
Scrolls
 g - a scroll of acquirement {unknown}
 r - a scroll of poison {unknown}
 s - a scroll of fear {unknown}
 y - a scroll of revelation {unknown}
 B - a scroll of enchant armour {unknown}
 C - a scroll of vulnerability {unknown}
Potions
 a - a potion of brilliance {unknown}
 b - a potion of magic
 c - a potion of might {unknown}
 d - 3 potions of heal wounds
 e - 3 potions of ambrosia
 i - a potion of mutation {unknown}
 k - a potion of invisibility {unknown}
 l - a potion of curing {unknown}
 o - a potion of resistance {unknown}
 p - a potion of berserk rage
 v - 2 potions of attraction {unknown}
 A - a potion of enlightenment


   Skills:
 - Level 1.5 Dodging
 - Level 2.1 Stealth
 * Level 6.5 Spellcasting
 + Level 4.6 Conjurations
 - Level 0.7 Transmutations
 + Level 6.7 Earth Magic


You had 16 spell levels left.
You knew the following spells:

 Your Spells              Type           Power      Damage    Failure   Level
a - Sandblast             Erth           60%        2d14      1%          1
b - Stone Arrow           Conj/Erth      52%        3d10      3%          3

Your spell library contained the following spells:

 Spells                   Type           Power      Damage    Failure   Level
 Passwall                 Tmut/Erth      15%        N/A       3%          2
 Brom's Barrelling Bould  Conj/Erth      26%        2d5       11%         4
 Petrify                  Tmut/Erth      19%        N/A       24%         4
 Volatile Blastmotes      Fire/Tloc      10%        2d10      34%         3
 Fulminant Prism          Conj/Hex       7%         3d7       41%         4
 Iskenderun's Mystic Bla  Conj/Tloc      14%        2d5       41%         4


Dungeon Overview and Level Annotations

Branches:
Dungeon (6/15)             Temple (1/1) D:5

Altars:
Ashenzari
Cheibriados
Dithmenos
Elyvilon
Fedhas
Hepliaklqana
Kikubaaqudgha
Makhleb
Nemelex Xobeh
Okawaru
Ru
Sif Muna
Trog
Uskayaw
Wu Jian
Xom
Yredelemnul
Zin
The Shining One

Shops:
D:2 =

Annotations:
D:5 3 runed translucent doors, voshxx's ghost, novice OpFE
D:6 Maggie


Innate Abilities, Weirdness & Mutations

You are immune to sickness and miasma.
Your stone body is resilient. (AC +5)
You are immune to poison.
You resist negative energy. (rN+)
You are resistant to electric shocks. (rElec)
You are resistant to unholy torment.
You are immune to petrification.


Message History

Aim: Maggie, wielding a +0 war axe and wearing +0 steam dragon scales (mesmerising, 84% to hit)
The blast of sand hits Maggie.
Maggie is lightly wounded.
Maggie hits you with a +0 war axe!
Casting: Sandblast (safe; 1% risk of failure)
Confirm with . or Enter, or press ? or * to list all spells.
Aiming: Sandblast (safe; 1% risk of failure)
Press: ? - help, Shift-Dir - straight line, f/p - Maggie
Aim: Maggie, wielding a +0 war axe and wearing +0 steam dragon scales (lightly wounded, mesmerising, 84% to hit)
The blast of sand hits Maggie!
Maggie is moderately wounded.
Maggie hits you but does no damage. Maggie closely misses you.
Casting: Sandblast (safe; 1% risk of failure)
Confirm with . or Enter, or press ? or * to list all spells.
Aiming: Stone Arrow (dangerous; 3% risk of failure)
Press: ? - help, Shift-Dir - straight line, f/p - Maggie
Aim: Maggie, wielding a +0 war axe and wearing +0 steam dragon scales (moderately wounded, mesmerising, 71% to hit)
The stone arrow hits Maggie.
Maggie is moderately wounded.
Maggie hits you with a +0 war axe.
* * * LOW HITPOINT WARNING * * *
Casting: Stone Arrow (dangerous; 3% risk of failure)
Confirm with . or Enter, or press ? or * to list all spells.
Aiming: Stone Arrow (dangerous; 3% risk of failure)
Press: ? - help, Shift-Dir - straight line, f/p - Maggie
Aim: Maggie, wielding a +0 war axe and wearing +0 steam dragon scales (moderately wounded, mesmerising, 71% to hit)
The stone arrow hits Maggie!
Maggie is heavily wounded.
Maggie closely misses you.
Casting: Stone Arrow (dangerous; 3% risk of failure)
Confirm with . or Enter, or press ? or * to list all spells.
Aiming: Stone Arrow (dangerous; 3% risk of failure)
Press: ? - help, Shift-Dir - straight line, f/p - Maggie
Aim: Maggie, wielding a +0 war axe and wearing +0 steam dragon scales (heavily wounded, mesmerising, 71% to hit)
The stone arrow hits Maggie!!
Maggie is almost dead.
Maggie casts a spell at you. The bolt of fire hits you!!
Ouch! That really hurt!
You die...

.####....##
..#.......#
.......#..#########
...##.##..........#
.......#..#######.#
..#....#### #)#
.##.#### #.##########
#####
######)......)..######
#...@@...#..#........#
#.####....#.....####.#
#...####......### ..#
##....####..### e.e#
##.....##### ..#.#
#.....# .....#
#......### #......
#.....### ### ...
#..Y###


You could see Maggie (mesmerising).

Vanquished Creatures
  A steam dragon (D:6)
  A water moccasin (D:5)
  Duvessa (D:6)
  An ice beast (D:6)
  A black bear (D:4)
  A phantom (D:5)
  Dowan (D:6)
  3 hounds
  2 orc priests (D:6)
  A sleepcap (D:4)
  3 orc wizards (D:6)
  7 adders
  4 ufetubi
  5 worms
  A dart slug (D:1)
  8 orcs
  6 bats
  4 endoplasms
  A giant cockroach (D:1)
  5 goblins
  7 hobgoblins
  11 jackals
  2 quokkas (D:1)
  5 ball pythons
  2 frilled lizards
  3 kobolds
  4 rats (D:1)
91 creatures vanquished.

Notes
Turn   | Place    | Note
-------+----------+-------------------------------------------
     0 | D:1      | ChronoRanger the Gargoyle Earth Elementalist began the
                  | quest for the Orb.
     0 | D:1      | Reached XP level 1. HP: 10/10 MP: 3/3
   225 | D:1      | You fall into a shaft and drop 1 floor!
   339 | D:1      | Reached XP level 2. HP: 15/15 MP: 0/5
   707 | D:1      | Reached XP level 3. HP: 19/19 MP: 5/7
   712 | D:1      | Learned a level 3 spell: Stone Arrow
  1704 | D:2      | Found Notis's Jewellery Boutique.
  1961 | D:3      | Found an ornate altar of the Wu Jian Council.
  2017 | D:3      | Found a white marble altar of Elyvilon.
  2122 | D:3      | Reached XP level 4. HP: 24/24 MP: 8/8
  2270 | D:3      | Reached skill level 1 in Conjurations
  2590 | D:3      | Found a faded altar of an unknown god.
  2691 | D:3      | Found a shimmering blue altar of Sif Muna.
  3017 | D:4      | Reached XP level 5. HP: 28/28 MP: 10/10
  3113 | D:4      | Noticed a black bear
  3759 | D:4      | Killed a black bear
  3760 | D:4      | Reached skill level 5 in Earth Magic
  3760 | D:4      | Reached XP level 6. HP: 32/32 MP: 12/12
  4255 | D:5      | Entered Level 5 of the Dungeon
  4256 | D:5      | Found a staircase to the Ecumenical Temple.
  4420 | Temple   | Entered the Ecumenical Temple
  4635 | D:5      | Found a runed translucent gate.
  4636 | D:5      | Noticed voshxx's ghost (novice OpFE)
  4660 | D:5      | Found a runed translucent gate.
  4660 | D:5      | Found a runed translucent gate.
  5263 | D:6      | Noticed a water moccasin
  5273 | D:5      | Killed a water moccasin
  5274 | D:5      | Reached skill level 5 in Spellcasting
  5274 | D:5      | Reached XP level 7. HP: 13/36 MP: 14/14
  5508 | D:6      | Noticed a steam dragon
  5555 | D:6      | Killed a steam dragon
  5785 | D:6      | Noticed Duvessa
  5785 | D:6      | Noticed Dowan
  5804 | D:6      | Killed Duvessa
  5805 | D:6      | Reached XP level 8. HP: 32/41 MP: 7/17
  5815 | D:6      | Killed Dowan
  5942 | D:6      | Noticed Maggie
  5960 | D:6      | Killed from afar by Maggie

Illustrated notes

Levels and vault maps discovered:
D:1:      minmay_arrival_stair_chambers, layout_loops_ring, st_stairs_2
D:2:      layout_basic, serial_shops, nicolae_lakefront_shop
D:3:      layout_basic, led_sif_pool, lemuel_round_altar,
          nicolae_elyvilon_temple_path, shapermc_ecumenical_altar_mp_vishouse
D:4:      layout_layer_cave, kennysheep_nondescript
D:5:      layout_loops_ring, minmay_temple_entry_glass,
          gammafunk_ghost_nasty_kobolds, bh_walls_and_bars
D:6:      layout_cave_pools, mainiacjoe_overflow_swirl, minmay_misc_feat_x,
          kennysheep_small_square, uniq_duvessa, uniq_maggie,
          uniq_crazy_yiuf_cottage, uniq_blork_the_orc
Temple:   nicolae_temple_superstar

Skill      XL: |  1  2  3  4  5  6  7 |
---------------+----------------------+-----
Earth Magic    | 4 5 6 |  6.7
Spellcasting   | 3 4 5 6 |  6.5
Conjurations   | 1 2 3 4 |  4.6
Dodging        | |  1.5
Stealth        | |  2.1
Transmutations | |  0.7

Action                     |  1- 3 |  4- 6 |  7- 9 || total
---------------------------+-------+-------+-------++-------
  Melee: Short sword       |     3 |       |       ||     3
         Whip              |       |     1 |     9 ||    10
   Cast: Sandblast         |    65 |    77 |    34 ||   176
         Stone Arrow       |       |       |    13 ||    13
    Use: Scroll            |       |     7 |       ||     7
 Armour: Robe              |    16 |    65 |     2 ||    83
         Steam dragon scal |       |       |    17 ||    17
  Dodge: Dodged            |    21 |    49 |    14 ||    84

Table legend: (Time is in decaauts)
 A = Elapsed time spent in this place.
 B = Non-inter-level travel time spent in this place.
 C = Inter-level travel time spent in this place.
 D = Time resting spent in this place.
 E = Time spent auto-exploring this place.
 F = Levels seen in this place.
 G = Mean time per level.
                   A        B        C        D        E       F      G
               +--------+--------+--------+--------+--------+-----+--------+
         Total |   6047 |   5776 |    271 |    126 |   4679 |   7 |  863.9 |
       Dungeon |   6013 |   5750 |    263 |    126 |   4679 |   6 | 1002.2 |
        Temple |     33 |     25 |      8 |      0 |      0 |   1 |   33.0 |
               +--------+--------+--------+--------+--------+-----+--------+

Top non-repeatable levels by time:
     D:4: 1575 daAuts
     D:1: 1171 daAuts
     D:5: 1047 daAuts
     D:3: 873 daAuts
     D:2: 776 daAuts
     D:6: 569 daAuts
  Temple: 33 daAuts
